 Dungeon Crawl Stone Soup version 0.29.1-13-g9f3cf754e1 (webtiles) character file.

Game seed: 18350626566579232925

14350 croobank the Covert (level 11, -27/49 (54) HPs)
             Began as a Felid Summoner on Jan 31, 2023.
             Was an Initiate of Gozag.
             Killed from afar by a necromancer (47 damage)
             ... with a bolt of negative energy
             ... on level 5 of the Lair of Beasts.
             The game lasted 02:14:22 (34070 turns).

croobank the Covert (Felid Summoner)               Turns: 34070, Time: 02:14:23

HP:   -27/49 (54)   AC:  3    Str:  4    XL:     11   Next: 87%
MP:   19/25         EV: 26    Int: 27    God:    Gozag
Gold: 1416          SH:  0    Dex: 17    Spells: 1/29 levels left
                                        Lives: 0   Deaths: 4

rFire   + . .      SeeInvis +   (weapon unavailable)
rCold   + . .      Faith    .   (shield unavailable)
rNeg    . . .      Spirit   .   (body armour unavailable)
rPois   .          Reflect  .   (helmet unavailable)
rElec   .          Harm     .   (cloak unavailable)
rCorr   +          Rampage  .   (gloves unavailable)
Will    +....                   (boots unavailable)
Stlth   ++++++....              k - amulet of magic regeneration
HPRegen 0.16/turn               E - ring of Xidimonu {Fly rF+ rCorr}
MPRegen 0.59/turn               D - +6 ring of intelligence

@: gold aura, flying, drained, quick
A: very small, claws 1, fangs 3, see invisible, speed 1, shaggy fur 3, stealthy
paws, no weapons or thrown items, no armour, multi-lived
a: Renounce Religion, Potion Petition, Call Merchant, Bribe Branch


You were on level 5 of the Lair of Beasts.
You worshipped Gozag.
Gozag was most pleased with you.
You visited 2 branches of the dungeon, and saw 15 of its levels.
You also visited: Ice Cave.

You collected 4094 gold pieces.
You spent 1341 gold pieces at shops.
You paid 1337 gold pieces to Gozag.

Inventory:

Jewellery
 c - a +6 ring of strength
 k - an amulet of magic regeneration (around neck)
 l - a +4 ring of protection
 o - a ring of poison resistance
 t - a ring of protection from cold
 y - a ring of protection from cold
 D - a +6 ring of intelligence (right paw)
 E - the ring of Xidimonu (left paw) {Fly rF+ rCorr}
   (You bought it in a shop on level 1 of the Lair of Beasts)

   [ring of flight]

   rF:        It protects you from fire.
   Fly:       It grants you flight.
   rCorr:     It protects you from acid and corrosion.
Wands
 g - a wand of charming (9)
 h - a wand of polymorph (8)
 n - a wand of roots (2)
 s - a wand of mindburst (24)
 x - a wand of flame (5)
 A - a wand of acid (5)
Scrolls
 a - 3 scrolls of butterflies
 e - a scroll of vulnerability
 i - 2 scrolls of poison
 u - 3 scrolls of magic mapping
 w - 5 scrolls of teleportation
 B - 2 scrolls of blinking
 C - 2 scrolls of identify
 F - a scroll of summoning
 I - a scroll of acquirement {unknown}
Potions
 b - a potion of resistance
 d - 3 potions of brilliance
 f - 8 potions of curing
 j - 2 potions of haste
 m - a potion of attraction
 p - 3 potions of ambrosia
 q - 2 potions of flight
 r - 3 potions of lignification
 v - 3 potions of mutation
 z - 2 potions of invisibility
 H - a potion of might
Miscellaneous
 G - a phial of floods (inert)


   Skills:
 + Level 10.1 Fighting
 + Level 13.4 Dodging
 + Level 14.4 Stealth
 + Level 9.5 Spellcasting
 - Level 3.0 Conjurations
 - Level 5.0 Hexes
 + Level 10.6 Summonings
 - Level 5.0 Translocations
 + Level 2.9 Ice Magic
 - Level 7.0 Air Magic
 - Level 3.0 Poison Magic


You had one spell level left.
You knew the following spells:

 Your Spells              Type           Power      Damage    Failure   Level
a - Summon Small Mammal   Summ           100%       N/A       1%          1
b - Call Imp              Summ           63%        N/A       1%          2
c - Call Canine Familiar  Summ           63%        N/A       1%          3
d - Summon Guardian Gole  Hex/Summ       53%        N/A       1%          3
e - Summon Lightning Spi  Summ/Air       57%        N/A       1%          4
f - Mephitic Cloud        Conj/Pois/Air  36%        N/A       2%          3
g - Slow                  Hex            100%       N/A       1%          1
h - Confusing Touch       Hex            39%        N/A       1%          3
i - Ozocubu's Armour      Ice            28%        N/A       4%          3
j - Apportation           Tloc           78%        N/A       1%          1
k - Fulminant Prism       Conj/Hex       17%        3d11      9%          4

Your spell library contained the following spells:

 Spells                   Type           Power      Damage    Failure   Level
 Magic Dart               Conj           100%       1d8       1%          1
 Necrotise                Necr           48%        1d6       4%          1
 Searing Ray              Conj           58%        2d6       1%          2
 Passage of Golubria      Tloc           39%        N/A       6%          4
 Vampiric Draining        Necr           12%        2d6       14%         3
 Alistair's Intoxication  Tmut/Pois      14%        N/A       56%         5
 Agony                    Necr           12%        N/A       77%         5
 Ozocubu's Refrigeration  Ice            14%        4d10      100%        7


Dungeon Overview and Level Annotations

Branches:
Dungeon (10/15)            Temple (0/1) D:6            Lair (5/5) D:9
 Shoals (0/4) Lair:3        Snake (0/4) Lair:3        Slime (0/5) Lair:5
  IceCv (visited)
    Orc: D:9-12

Altars:
Dithmenos
Elyvilon
Gozag
Hepliaklqana
Qazlal
Ru
Sif Muna
Trog
Xom
Jiyva

Shops:
D:1 *   D:3 (   Lair:1 =

Annotations:
D:4 1 runed translucent door, shadowmeld's ghost, amateur DjTm
D:9 exclusion: obsidian statue
Lair:2 3 runed translucent doors, Taurus's ghost, novice FeSu
Lair:5 exclusion: obsidian statue


Innate Abilities, Weirdness & Mutations

You have sharp claws.
You have razor-sharp teeth.
You have supernaturally acute eyesight. (SInv)
You cover ground quickly. (Speed+)
Your thick and shaggy fur keeps you warm. (AC +3, rC+)
Your paws help you pounce on unaware monsters.
You are incapable of wielding weapons or throwing items.
You cannot wear armour.
You gain extra lives every three experience levels.


Message History

You don't know that spell.
Casting: Summon Guardian Golem (safe; 1% risk of failure)
Confirm with . or Enter, or press ? or * to list all spells.
An electric hum fills the air.
Your guardian golem overheats!
The necromancer points at you and mumbles some strange words.
Your body is wracked with pain!
The spectral dire elephant tramples your guardian golem!
Flame seeps out of your guardian golem.
Your guardian golem holds its ground!
The spectral dire elephant trunk-slaps your guardian golem but does no damage.
Your guardian golem is engulfed in blazing flames.
Flame seeps out of your guardian golem.
You see here a +0 pair of boots of stealth.
Casting: Summon Lightning Spire (dangerous; 1% risk of failure)
Confirm with . or Enter, or press ? or * to list all spells.
The spectral dire elephant tramples your guardian golem.
Flame seeps out of your guardian golem.
Your guardian golem stumbles backwards!
What are your orders? t - Meow!
Orders for allies: a - Attack new target. p - Attack previous target. r - Retreat! s - Stop attacking. g - Guard the area. f - Follow me.
Anything else - Cancel.
Gang up on whom?
Press: ? - help, Dir - move target, f/p - necromancer
Aim: a necromancer, wielding a +0 dagger and wearing a +0 robe (moderately wounded, covered in acid, ally target)
Okay, then.
Aiming: Fastroot
Press: ? - help, Shift-Dir - straight line, f/p - necromancer
Aim: a necromancer, wielding a +0 dagger and wearing a +0 robe (moderately wounded, covered in acid, ally target)
The roots erupt in riotous growth!
Roots grab the necromancer.
Your warg is unaffected.
Your guardian golem is unaffected.
The grasping roots constrict the necromancer!
You hear a trumpeting!
The necromancer casts a spell at you. The bolt of negative energy hits you!!!
You feel drained.
Ouch! That really hurt!
You die...
Your body crumbles into a pile of gold.

###.........##.##..#
..####.....###.#...#
..##.#....♣#...#...#
P.#.....#.##.####'##
........#.#..#...Z##
..........#.##...9.#
.........♣#)#...ph.#
..........#.#..$$..#
..........#.##88@8##
..........#.########
..........#.8##8$|8#
..........'..8#p[?.#
..........'.⌠.#Y...#
..........'..8#....#
..........#.8##8..8#
..........#.## #''##
..........#.# ≈~#


You could see a spectral dire elephant (ally target), a necromancer (corroded,
rooted, ally target), a friendly guardian golem (summoned, inner flame), a
friendly warg (summoned, sheltered) and a friendly lightning spire (summoned,
sheltered).

Vanquished Creatures
  3 yaks
  A water moccasin (D:8)
  A wolf (Lair:2)
  2 bullfrogs
  A wight (D:8)
  A killer bee (D:10)
  A hound (D:7)
  A gnoll bouda (D:5)
  A troll simulacrum (IceCv)
  3 dart slugs
  4 orcs
  An endoplasm (D:4)
  3 giant cockroaches
  3 goblins
  2 hobgoblins
  2 ball pythons
  2 bats (D:1)
  A rat (D:1)
33 creatures vanquished.

Vanquished Creatures (collateral kills)
  A catoblepas (Lair:3)
  A centaur warrior (D:10)
  3 two-headed ogres
  2 death yaks (D:9)
  4 black mambas
  A dire elephant zombie (Lair:5)
  17 elephants
  A torpor snail (Lair:3)
  9 cane toads
  A kobold demonologist (D:10)
  A rime drake (Lair:1)
  2 tengu conjurers (D:8)
  4 komodo dragons
  2 anaconda simulacra (IceCv)
  2 polar bears (Lair:2)
  A troll (D:10)
  2 spectral elephants (Lair:5)
  A wraith (D:10)
  2 wyverns
  3 dire elephant simulacra
  A vampire (D:9)
  Eustachio (D:5)
  2 basilisks
  23 yaks
  A death yak simulacrum (IceCv)
  A spectral cane toad (Lair:5)
  An acid dragon (D:10)
  23 water moccasins
  A nameless horror (D:8)
  2 black bears
  2 orc warriors
  An ice beast (D:6)
  2 sky beasts (D:6)
  3 elephant zombies (Lair:5)
  3 wolves (Lair:2)
  2 elephant skeletons (Lair:5)
  2 centaurs (D:10)
  A phantom (D:6)
  2 kobold brigands
  5 necrophages (Lair:4)
  6 bullfrogs
  A two-headed ogre simulacrum (IceCv)
  3 scorpions
  3 wights
  An elephant simulacrum (IceCv)
  4 killer bees
  3 howler monkeys
  5 jellies
  2 hounds (D:5)
  3 orc priests
  A gnoll bouda (D:8)
  9 orc wizards
  2 iguanas
  4 hell rats
  A polar bear simulacrum (IceCv)
  2 spriggan simulacra (IceCv)
  2 troll simulacra (IceCv)
  7 gnolls
  A naga simulacrum (IceCv)
  7 adders
  A shadow imp (D:7)
  10 white imps (IceCv)
  An ufetubus (IceCv)
  A worm (D:2)
  24 orcs
  3 bats
  6 endoplasms
  4 giant cockroaches
  9 goblins
  5 hobgoblins
  3 jackals (D:1)
  17 kobolds
  3 quokkas
  8 ball pythons
  A frilled lizard (D:1)
  4 rats
306 creatures vanquished.

Vanquished Creatures (others)
  Gastronok (D:8)
  A reaper (IceCv)
  2 two-headed ogres
  A tengu warrior (D:10)
  A death yak (D:9)
  A necromancer (Lair:5)
  5 elephants
  A black mamba (Lair:4)
  An ice statue (IceCv)
  3 cane toads
  A freezing wraith (D:10)
  A tengu conjurer (D:8)
  2 ice devils (IceCv)
  2 trolls (D:10)
  Prince Ribbit (D:7)
  2 dire elephant simulacra (IceCv)
  21 yaks
  A death yak simulacrum (Lair:5)
  Menkaure (D:4)
  A hydra simulacrum (IceCv)
  An acid dragon (D:10)
  4 water moccasins
  Duvessa (D:6)
  A black bear (D:6)
  2 orc warriors
  An ogre (D:4)
  2 wolves (Lair:2)
  A kobold brigand (D:8)
  A bullfrog (D:6)
  A two-headed ogre simulacrum (IceCv)
  3 cane toad simulacra (IceCv)
  9 wights
  Dowan (D:6)
  2 elephant simulacra (Lair:5)
  13 killer bees
  2 orc priests
  Ijyb (D:5)
  2 orc wizards
  An iguana (D:5)
  4 hell rats
  2 troll simulacra (IceCv)
  3 spriggan simulacra (IceCv)
  A gnoll (D:5)
  5 naga simulacra (IceCv)
  2 river rats (D:9)
  2 white imps (IceCv)
  A quokka (D:9)
  30 fungi
  38 plants
  29 withered plants (Lair:5)
216 creatures vanquished.

Grand Total: 555 creatures vanquished

Notes
Turn   | Place    | Note
-------+----------+-------------------------------------------
     0 | D:1      | croobank the Felid Summoner began the quest for the Orb.
     0 | D:1      | Reached XP level 1. HP: 7/7 MP: 4/4
   180 | D:1      | Reached skill level 3 in Stealth
   377 | D:1      | Reached XP level 2. HP: 11/11 MP: 3/6
   380 | D:1      | Learned a level 2 spell: Call Imp
   902 | D:1      | Found Xiox's General Store.
   919 | D:1      | Bought a scroll of identify for 26 gold pieces
   919 | D:1      | Bought a scroll of identify for 26 gold pieces
  1505 | D:1      | Reached XP level 3. HP: 14/14 MP: 7/7
  1509 | D:1      | Learned a level 3 spell: Call Canine Familiar
  2168 | D:2      | Found a hazy altar of Hepliaklqana.
  2312 | D:2      | Reached XP level 4. HP: 18/18 MP: 4/8
  2997 | D:3      | Reached skill level 1 in Fighting
  2997 | D:3      | Reached skill level 4 in Stealth
  3277 | D:3      | Found Karec's Antique Weapon Emporium.
  3606 | D:3      | Found a shimmering blue altar of Sif Muna.
  3607 | D:3      | Found a shimmering altar of Xom.
  3633 | D:3      | Reached XP level 5. HP: 22/22 MP: 2/10
  3727 | D:3      | Learned a level 3 spell: Summon Guardian Golem
  3876 | D:4      | Noticed an ogre
  4211 | D:4      | Reached skill level 1 in Hexes
  4211 | D:4      | Gained mutation: You are covered in thick fur. (AC +2)
                  | [Felid growth]
  4211 | D:4      | Reached XP level 6. HP: 26/26 MP: 1/11
  4235 | D:4      | Reached skill level 5 in Stealth
  4235 | D:4      | Reached skill level 5 in Summonings
  4426 | D:4      | Noticed Menkaure
  4442 | D:4      | Killed Menkaure
  4443 | D:4      | Reached skill level 5 in Dodging
  4443 | D:4      | Reached XP level 7. HP: 11/30 MP: 2/13
  4931 | D:4      | Learned a level 4 spell: Summon Lightning Spire
  4936 | D:4      | Found a runed translucent door.
  4938 | D:4      | Noticed shadowmeld's ghost (amateur DjTm)
  5133 | D:5      | Entered Level 5 of the Dungeon
  5329 | D:5      | Noticed Ijyb
  5611 | D:5      | Reached skill level 6 in Stealth
  5780 | D:5      | Found a white marble altar of Elyvilon.
  5812 | D:5      | Noticed Eustachio
  5887 | D:5      | Killed Eustachio
  5888 | D:5      | Reached XP level 8. HP: 33/34 MP: 2/15
  6202 | D:5      | Killed Ijyb
  7301 | D:6      | Found a stormy altar of Qazlal.
  7320 | D:6      | Reached skill level 5 in Hexes
  7331 | D:6      | Reached skill level 7 in Stealth
  7413 | D:6      | Found a hazy altar of Hepliaklqana.
  7654 | D:6      | Noticed Duvessa
  7656 | D:6      | Noticed Dowan
  7695 | D:6      | Killed Duvessa
  7709 | D:6      | Killed by an exploding themself... ignited by their inner
                  | flame
  7710 | D:6      | Reached XP level 7. HP: -4/32 MP: 4/14
  7710 | D:6      | Killed Dowan
  8039 | D:6      | Found an opulent altar of Gozag.
  8047 | D:6      | Became a worshipper of Gozag Ym Sagoz the Greedy
  8080 | D:6      | Reached XP level 8. HP: 36/36 MP: 14/16
  8461 | D:6      | Found a staircase to the Ecumenical Temple.
  8528 | D:6      | Reached skill level 5 in Spellcasting
  8621 | D:6      | Reached skill level 8 in Stealth
  8704 | D:6      | Found a bloodstained altar of Trog.
  9137 | D:7      | Reached skill level 5 in Fighting
  9229 | D:7      | Noticed Prince Ribbit
  9237 | D:7      | Killed Prince Ribbit
  9238 | D:7      | Reached skill level 1 in Air Magic
  9273 | D:7      | Reached XP level 9. HP: 40/40 MP: 4/18
  9759 | D:7      | Learned a level 3 spell: Mephitic Cloud
 10240 | D:7      | Found a sacrificial altar of Ru.
 10667 | D:8      | Noticed a tengu conjurer
 10683 | D:8      | Killed a tengu conjurer
 10739 | D:8      | Noticed a tengu conjurer
 10742 | D:8      | Noticed a tengu conjurer
 10748 | D:8      | Killed a tengu conjurer
 11036 | D:8      | Reached skill level 9 in Stealth
 11221 | D:8      | Noticed Gastronok
 11236 | D:8      | Killed Gastronok
 11237 | D:8      | Reached XP level 10. HP: 45/45 MP: 10/20
 12216 | D:8      | Noticed a two-headed ogre
 12258 | D:8      | Killed a two-headed ogre
 12636 | D:8      | Reached skill level 10 in Stealth
 12811 | D:8      | Reached skill level 5 in Air Magic
 13259 | D:8      | Found the +0 staff of Battle
 13425 | D:9      | Noticed a two-headed ogre
 13432 | D:9      | Killed a two-headed ogre
 13626 | D:9      | Learned a level 1 spell: Slow
 13630 | D:9      | Learned a level 3 spell: Confusing Touch
 14874 | D:9      | Noticed a death yak
 14877 | D:9      | Noticed a death yak
 14884 | D:9      | Noticed a death yak
 14893 | D:9      | Killed a death yak
 14894 | D:9      | Reached XP level 11. HP: 49/49 MP: 6/22
 14898 | D:9      | Killed a death yak
 14901 | D:9      | Killed a death yak
 15183 | D:9      | Found a staircase to the Lair.
 15489 | D:9      | Reached skill level 10 in Dodging
 15688 | D:9      | Noticed an obsidian statue
 15697 | D:9      | Noticed a sun demon
 15717 | D:9      | Noticed a two-headed ogre
 15738 | D:9      | Killed a two-headed ogre
 16728 | D:10     | Entered Level 10 of the Dungeon
 16897 | D:10     | Noticed a two-headed ogre
 16921 | D:10     | Killed a two-headed ogre
 16928 | D:10     | Reached skill level 11 in Stealth
 17222 | D:10     | Noticed a tengu warrior
 17228 | D:10     | Killed a tengu warrior
 18112 | D:10     | Noticed a centaur warrior
 18117 | D:10     | HP: 1/51 [centaur warrior/arrow (19)]
 18124 | D:10     | Killed a centaur warrior
 18229 | D:10     | Noticed a two-headed ogre
 18244 | D:10     | Killed a two-headed ogre
 18295 | D:10     | Found a shadowy altar of Dithmenos.
 18434 | D:10     | Identified the +9 sling "Leed" {flame, Contam rElec rF++}
 18595 | D:10     | Gained mutation: Your thick and shaggy fur keeps you warm.
                  | (AC +3, rC+) [Felid growth]
 18595 | D:10     | Reached XP level 12. HP: 55/55 MP: 17/24
 18605 | D:10     | Reached skill level 12 in Stealth
 18956 | Lair:1   | Entered Level 1 of the Lair of Beasts
 18965 | Lair:1   | Bought a ring of protection from cold for 350 gold pieces
 19030 | Lair:1   | Found a frozen archway.
 19045 | Lair:1   | Learned a level 3 spell: Ozocubu's Armour
 19046 | IceCv    | Entered an ice cave
 22279 | IceCv    | Noticed a reaper
 22629 | IceCv    | Killed a reaper
 23673 | IceCv    | Killed by an exploding themself... ignited by their inner
                  | flame
 23674 | IceCv    | Reached XP level 11. HP: -1/52 MP: 11/24
 23788 | IceCv    | Got the Vellum of the Transformed Voyage
 23791 | IceCv    | Learned a level 1 spell: Apportation
 23910 | Lair:1   | Reached skill level 1 in Translocations
 24289 | Lair:1   | Reached skill level 1 in Poison Magic
 24458 | Lair:1   | Reached skill level 1 in Conjurations
 25287 | Lair:2   | Reached skill level 13 in Stealth
 25689 | Lair:2   | Reached XP level 12. HP: 56/56 MP: 25/25
 25822 | Lair:2   | Reached skill level 10 in Summonings
 26669 | Lair:2   | Found a runed translucent gate.
 26669 | Lair:2   | Found a runed translucent gate.
 26669 | Lair:2   | Found a runed translucent gate.
 26675 | Lair:2   | Noticed Taurus's ghost (novice FeSu)
 27776 | Lair:3   | Found a staircase to the Shoals.
 27796 | Lair:3   | Noticed a catoblepas
 28368 | Lair:3   | Killed a catoblepas
 28693 | Lair:3   | Reached skill level 5 in Translocations
 28790 | Lair:3   | Found a staircase to the Snake Pit.
 29521 | Lair:3   | Learned a level 4 spell: Fulminant Prism
 29941 | Lair:3   | Reached skill level 1 in Ice Magic
 30133 | Lair:3   | Reached XP level 13. HP: 60/60 MP: 21/27
 30248 | Lair:1   | Bought the ring of Xidimonu {Fly rF+ rCorr} for 519 gold
                  | pieces
 30249 | Lair:1   | Bought an amulet of magic regeneration for 420 gold pieces
 30981 | Lair:4   | Reached skill level 14 in Stealth
 31366 | Lair:5   | Entered Level 5 of the Lair of Beasts
 31888 | Lair:5   | Found a staircase to the Slime Pits.
 31889 | Lair:5   | Found a viscous altar of Jiyva.
 31934 | Lair:5   | Killed by an exploding themself... ignited by their inner
                  | flame
 31935 | Lair:5   | Reached XP level 12. HP: -5/58 MP: 21/26
 32030 | Lair:5   | Noticed a dire elephant
 32319 | Lair:5   | Identified the +10 fire dragon scales of the Constellations
                  | {Rampage rF++ rC- rN+ Int-4}
 32475 | Lair:5   | Noticed a dire elephant
 32528 | Lair:5   | Killed from afar by a necromancer
 32529 | Lair:5   | Reached XP level 11. HP: -6/47 MP: 25/25
 32932 | Lair:5   | Noticed an obsidian statue
 32959 | Lair:5   | Noticed a sixfirhy
 33052 | Lair:5   | Reached skill level 10 in Fighting
 33509 | Lair:5   | Noticed a spectral anaconda
 33981 | Lair:5   | Killed a necromancer
 34044 | Lair:5   | Noticed a spectral dire elephant
 34070 | Lair:5   | Killed from afar by a necromancer

Illustrated notes

Levels and vault maps discovered:
D:1:      saegor_arrival_simple_b, layout_basic, serial_shops,
          nicolae_shop_crystal
D:2:      layout_rooms, basic_altar
D:3:      layout_rooms, chequers_temple_overflow_statue_of_worship,
          serial_shops, shop_statue
D:4:      layout_basic, ebering_ghost_reflecting_pool, uniq_menkaure
D:5:      layout_basic, elyvilon_altar_5, minivault_11, uniq_ijyb,
          uniq_eustachio
D:6:      layout_loops_ring, jmf_multi_god_temple, trog_book,
          mainiacjoe_overflow_boulevard, minmay_temple_entry_junction,
          uniq_duvessa
D:7:      layout_basic, nicolae_ru_path_of_blood, uniq_prince_ribbit1
D:8:      kennysheep_spiral_hall, layout_basic,
          hellmonk_guarded_unrand_staff_of_battle, uniq_gastronok
D:9:      layout_layer_cave, dpeg_lair_monsters, minmay_protected_statue
D:10:     layout_irregular_city, nicolae_dithmenos_shadow_blocks,
          nzn_random_ring
Lair:1:   layout_long_grid, portal_ice_cave_entry_pillars_1, lemuel_fruit_fields
Lair:2:   layout_layer_cave, gammafunk_ghost_necromancy, lemuel_fruit_tree,
          infiniplex_staircase_pool
Lair:3:   layout_gridlike, shoals_dummy_entry, minmay_snake_entry_six_corridors,
          beast_lair_carwin_11
Lair:4:   layout_hall_layers, roderic_carrion_pond
Lair:5:   due_jungle_book, layout_small_grid, slime_entry_1

Skill      XL: |  1  2  3  4  5  6  7  8  9 10 11 12 13 |
---------------+----------------------------------------+-----
Stealth        | 3 4 5 6 8 9 10 13 12 14 | 14.4
Dodging        | 3 4 5 7 6 8 9 12 13 | 13.4
Fighting       | 1 2 3 5 6 10 9 | 10.1
Spellcasting   | 3 4 5 6 7 9 |  9.5
Hexes          | 1 2 4 5 |  5.0
Summonings     | 5 6 7 8 9 10 | 10.6
Air Magic      | 1 3 5 7 |  7.0
Translocations | 3 5 |  5.0
Poison Magic   | 1 3 |  3.0
Conjurations   | 1 3 |  3.0
Ice Magic      | 1 2 |  2.9

Action                   |  1- 3 |  4- 6 |  7- 9 | 10-12 | 13-15 || total
-------------------------+-------+-------+-------+-------+-------++-------
Melee: Unarmed           |    42 |    15 |    39 |    55 |     3 ||   154
       Bite              |     4 |     2 |     8 |    11 |     1 ||    26
       Punch             |       |       |       |     1 |       ||     1
 Cast: Summon Small Mamm |    44 |    28 |    47 |    58 |     3 ||   180
       Call Imp          |    16 |    15 |    25 |    34 |     3 ||    93
       Call Canine Famil |     3 |    18 |    55 |    92 |     5 ||   173
       Summon Guardian G |       |     5 |    35 |   172 |     9 ||   221
       Summon Lightning  |       |       |     9 |   153 |    17 ||   179
       Mephitic Cloud    |       |       |       |     2 |       ||     2
       Confusing Touch   |       |       |       |     1 |       ||     1
Invok: Potion Petition   |       |       |       |     2 |       ||     2
       Call Merchant     |       |       |       |     1 |       ||     1
Evoke: Wand              |       |       |       |    10 |       ||    10
       Phial of floods   |       |       |       |     1 |       ||     1
  Use: Scroll            |     4 |       |    11 |     7 |     3 ||    25
       Potion            |       |     1 |     4 |     2 |       ||     7
 Stab: Sleeping          |     5 |     3 |     2 |     5 |       ||    15
       Distracted        |       |       |     1 |       |     1 ||     2
       Confused          |       |       |       |     1 |       ||     1
Armor: Skin              |     6 |     4 |     7 |     9 |     3 ||    29
Dodge: Dodged            |    43 |    31 |    50 |   213 |    23 ||   360
